 Dungeon Sprint DCSS version 0.29.1-15-g9cfb28693d (webtiles) character file.

Game seed: 5048824255870537582

8940 LynnLen the Unseen (level 11, -4/44 HPs)
             Began as a Spriggan Enchanter on Aug 11, 2023.
             Was the Champion of Dithmenos.
             Slain by a demonic crawler (7 damage)
             ... in the Dungeon (Sprint I: "Red Sonja").
             The game lasted 00:08:45 (1520 turns).

LynnLen the Unseen (Spriggan Enchanter)             Turns: 1520, Time: 00:08:46

Health: -4/44      AC:  8    Str: 10      XL:     11   Next: 16%
Magic:  30/32      EV: 19    Int: 16      God:    Dithmenos [******]
Gold:   887        SH:  0    Dex: 14 (15) Spells: 35/43 levels left

rFire   + + .      SeeInvis +   a - +1 dagger
rCold   x . .      Faith    .   (no shield)
rNeg    . . .      Spirit   .   r - +0 fire dragon scales
rPois   .          Reflect  .   (helmet restricted)
rElec   .          Harm     .   (no cloak)
rCorr   .          Rampage  .   (gloves unavailable)
Will    ++...      Rage     9%  (boots unavailable)
Stlth   ++++++++++ NoTele   +   (no amulet)
HPRegen 0.00/turn               p - ring of willpower
MPRegen 0.23/turn               q - +6 ring of strength

@: confusing by touch, inhibited regen, wreathed by umbra, invisible, unable to
drink, very quick
A: very small, no large weapons, unfitting armour, see invisible, speed 3,
berserk 2, deterioration 2, dopey 1, frail 3, screaming 1, inhibited
regeneration, weak 2, no potion heal 1, subdued magic 3, inability to drink
after injury 2, sturdy frame 1, devolution 1
a: Renounce Religion, Shadow Step, Shadow Form


You were in the Dungeon.
You worshipped Dithmenos.
Dithmenos was exalted by your worship.
You visited 1 branch You collected 1039 gold pieces.
You spent 152 gold pieces at shops.

Inventory:

Hand Weapons
 a - a +1 dagger (weapon)
Armour
 b - a +0 robe
 r - +0 fire dragon scales (worn)
Jewellery
 p - a ring of willpower (left hand)
 q - a +6 ring of strength (right hand)
Wands
 e - a wand of acid (2)
 j - a wand of digging (5)
 l - a wand of iceblast (7)
Scrolls
 i - a scroll of blinking
 k - a scroll of vulnerability
 n - a scroll of enchant armour {unknown}
 o - a scroll of immolation {unknown}
Potions
 d - 3 potions of curing
 f - a potion of haste
 g - 3 potions of magic
 h - a potion of berserk rage
 m - 2 potions of attraction


   Skills:
 * Level 10.5 Fighting
 - Level 10.0 Short Blades
 + Level 14.2 Dodging
 + Level 16.7 Stealth
 + Level 16.5 Spellcasting
 - Level 10.0 Hexes
 - Level 4.0 Ice Magic
 + Level 6.1 Invocations


You had 35 spell levels left.
You knew the following spells:

 Your Spells              Type           Power      Damage    Failure   Level
a - Ensorcelled Hibernat  Hex/Ice        36%        N/A       1%          2
b - Confusing Touch       Hex            23%        N/A       1%          3
c - Tukima's Dance        Hex            23%        N/A       1%          3

Your spell library contained the following spells:

 Spells                   Type           Power      Damage    Failure   Level
 Dazzling Flash           Conj/Hex       30%        N/A       4%          3


Dungeon Overview and Level Annotations

Branches:
Dungeon (1/1)

Altars:
Cheibriados
Dithmenos
Elyvilon
Fedhas
Gozag
Hepliaklqana
Kikubaaqudgha
Makhleb
Nemelex Xobeh
Okawaru
Qazlal
Ru
Sif Muna
Trog
Uskayaw
Vehumet
Wu Jian
Xom
Yredelemnul
Zin
The Shining One
Jiyva
Lugonu

Shops:
D =*(*!?**(**((*?([=[[*


Innate Abilities, Weirdness & Mutations

You are very small and have problems with some larger weapons.
You are too small for most types of armour.
You have supernaturally acute eyesight. (SInv)
You cover ground extremely quickly. (Speed+++)
You have an uncontrollable temper.
Your body often deteriorates upon taking damage.
You are dopey. (Int -2)
You are extremely frail. (-30% HP)
You occasionally shout uncontrollably at your foes.
You do not regenerate when monsters are visible.
You are very weak. (Str -4)
Potions are less effective at restoring your health.
Your spells are much easier to cast, but much less powerful.
You sometimes lose the ability to drink potions when taking damage.
Your movements are slightly less encumbered by armour. (ER -2)
You have hidden genetic defects.


Message History

The demonic crawler gives a hideous shriek! x4
The demonic crawler shrieks in warning!
Things that are here:
a +0 dagger; a +0 robe The demonic crawler shrieks in warning!
There is an open door here.
The demonic crawler shrieks in warning!
The demonic crawler shrieks in warning! x2
There is an open door here.
The demonic crawler shrieks in warning!
There is an open door here.
There is an open door here.
Casting: Confusing Touch (safe; 1% risk of failure)
Press: ? - help, Q - select action, (/) - cycle Dir - look around, f - activate Your hands begin to glow red.
There is a shimmering blue altar of Sif Muna here.
The demonic crawler shrieks in warning!
You hit the demonic crawler but do no damage.
You hit the demonic crawler but do no damage.
The demonic crawler hits you. The demonic crawler hits you!
Your body deteriorates!
You feel clumsy.
You emit a cloud of dark smoke.
The demonic crawler closely misses you.
The demonic crawler shrieks in warning!
You hit the demonic crawler but do no damage.
Your shadow hits the demonic crawler but does no damage.
The demonic crawler closely misses you. The demonic crawler hits you.
You feel threatened and lose the ability to drink potions!
You emit a cloud of dark smoke.
The demonic crawler closely misses you.
You hit the demonic crawler but do no damage.
You hit the demonic crawler but do no damage.
The demonic crawler hits you.
You emit a cloud of dark smoke.
The demonic crawler hits you!
* * * LOW HITPOINT WARNING * * *
The demonic crawler hits you but does no damage.
The demonic crawler shrieks in warning!
You hit the demonic crawler but do no damage.
The demonic crawler hits you!
* * * LOW HITPOINT WARNING * * *
The demonic crawler hits you!
You die...

##########################
#<.#.)'..#.)'..#__#..s..)#
#..'..#).'..#.s'..s.s#...#
#..#####'#####s#__####)..'s.#
#..####..#...#s####§.#####..+
#..#__####..##@#§~§§.#§.# +##
#..#_____##'#§§§§§§§§§§.#
#⌠⌠#_.∩...'..§§#§§)..#..#
####_..__##_.#+##'#####'###
#_____###'# #(.).###.'.#
############.####'###)###§#
#∩........'...'.....'.∩##.#
###''''####.).###########§#
#.......####.###.......##§#


You could see 3 demonic crawlers.

Vanquished Creatures
  2 centaur warriors (D)
  Sonja (D)
  A deep troll (D)
  An oklob plant (D)
  8 shining eyes (D)
  2 unseen horrors (D)
  2 kobold demonologists (D)
  A hornet (D)
  A slime creature (D)
  Sigmund (D)
  A yak (D)
  2 redbacks (D)
  6 floating eyes (D)
  An ogre (D)
  7 necrophages (D)
  8 jellies (D)
  Ijyb (D)
  A ballistomycete spore (D)
47 creatures vanquished.

Vanquished Creatures (others)
  A ballistomycete spore (D)
1 creature vanquished.

Grand Total: 48 creatures vanquished

Notes
Turn   | Place    | Note
-------+----------+-------------------------------------------
     0 | D        | LynnLen the Spriggan Enchanter began the quest for the Orb.
     0 | D        | Reached XP level 1. HP: 9/9 MP: 5/5
     3 | D        | Noticed Ijyb
     9 | D        | Killed Ijyb
    10 | D        | Reached skill level 1 in Fighting
    10 | D        | Reached skill level 5 in Stealth
    10 | D        | Reached skill level 5 in Hexes
    10 | D        | Reached XP level 2. HP: 8/14 MP: 6/8
    12 | D        | Noticed an ogre
    17 | D        | Killed an ogre
    18 | D        | Reached skill level 5 in Dodging
    18 | D        | Reached XP level 3. HP: 11/19 MP: 6/11
    18 | D        | Reached XP level 4. HP: 13/23 MP: 7/13
    19 | D        | Noticed Sigmund
    22 | D        | Killed Sigmund
    23 | D        | Reached XP level 5. HP: 17/28 MP: 8/16
    23 | D        | Reached XP level 6. HP: 19/32 MP: 9/18
    89 | D        | Learned a level 2 spell: Ensorcelled Hibernation
    93 | D        | Learned a level 3 spell: Confusing Touch
    97 | D        | Learned a level 3 spell: Tukima's Dance
   173 | D        | Found an ornate altar of the Wu Jian Council.
   173 | D        | Found a shimmering blue altar of Sif Muna.
   175 | D        | Found a radiant altar of Vehumet.
   209 | D        | Found Pytutra's General Store.
   209 | D        | Found an ancient bone altar of Kikubaaqudgha.
   209 | D        | Found a hazy altar of Hepliaklqana.
   209 | D        | Found a hide-covered altar of Uskayaw.
   209 | D        | Found a basalt altar of Yredelemnul.
   209 | D        | Found an opulent altar of Gozag.
   209 | D        | Found a snail-covered altar of Cheibriados.
   209 | D        | Found a sacrificial altar of Ru.
   209 | D        | Found a shadowy altar of Dithmenos.
   209 | D        | Noticed a yak
   210 | D        | Found a stormy altar of Qazlal.
   210 | D        | Found a blossoming altar of Fedhas.
   210 | D        | Found a bloodstained altar of Trog.
   210 | D        | Found an iron altar of Okawaru.
   210 | D        | Found a glowing golden altar of the Shining One.
   210 | D        | Found a glowing silver altar of Zin.
   210 | D        | Found a white marble altar of Elyvilon.
   211 | D        | Killed a yak
   212 | D        | Reached skill level 5 in Short Blades
   212 | D        | Found a sparkling altar of Nemelex Xobeh.
   216 | D        | Bought a scroll of identify for 28 gold pieces
   216 | D        | Bought a scroll of identify for 28 gold pieces
   218 | D        | Became a worshipper of Dithmenos the Shadowed
   230 | D        | Noticed Sonja
   234 | D        | Killed Sonja
   235 | D        | Reached skill level 5 in Fighting
   235 | D        | Reached skill level 10 in Stealth
   235 | D        | Reached skill level 10 in Hexes
   235 | D        | Reached XP level 7. HP: 39/39 MP: 19/22
   245 | D        | Noticed a deep troll
   253 | D        | Killed a deep troll
   254 | D        | Reached skill level 10 in Dodging
   254 | D        | Reached XP level 8. HP: 44/44 MP: 19/25
   264 | D        | Found Xilatz's Armour Emporium.
   297 | D        | Found Axoc's Jewellery Boutique.
   469 | D        | Noticed a centaur warrior
   470 | D        | Noticed a centaur warrior
   479 | D        | Killed a centaur warrior
   479 | D        | Reached * piety under Dithmenos
   480 | D        | Reached XP level 9. HP: 28/49 MP: 16/27
   486 | D        | Killed a centaur warrior
   605 | D        | Noticed an oklob plant
   607 | D        | Killed an oklob plant
   607 | D        | Reached ** piety under Dithmenos
   618 | D        | Reached skill level 10 in Short Blades
   640 | D        | Reached *** piety under Dithmenos
   641 | D        | Reached skill level 15 in Spellcasting
   643 | D        | Found the +7 staff of the Meek {protect, meekguard}
   662 | D        | Reached skill level 1 in Invocations
   695 | D        | Noticed an unseen horror
   696 | D        | Noticed an unseen horror
   701 | D        | Reached **** piety under Dithmenos
   725 | D        | Reached ***** piety under Dithmenos
   870 | D        | Reached XP level 10. HP: 50/56 MP: 27/30
   913 | D        | Found Lolleu's Jewellery Boutique.
   914 | D        | Found Siajeuny's Armour Emporium.
   915 | D        | Found Ceusou's General Store.
   964 | D        | Found Yckaitz's General Store.
   964 | D        | Found Zavomm's General Store.
   964 | D        | Found Ownideam's Weapon Boutique.
   966 | D        | Found Ogizyok's Assorted Antiques.
   966 | D        | Found Fiufed's General Store.
   966 | D        | Found Eteqeot's Weapon Shoppe.
   966 | D        | Found Idwobb's Antique Weapon Boutique.
   966 | D        | Found Mos Kat's General Store.
   966 | D        | Found Faeroan's Magic Scroll Shop.
   966 | D        | Found Piybb's Antique Weapon Shoppe.
   969 | D        | Found Basyxi Weta's Armour Boutique.
  1018 | D        | Noticed a shining eye
  1018 | D        | Noticed a shining eye
  1018 | D        | Noticed a shining eye
  1024 | D        | Noticed a shining eye
  1024 | D        | Noticed a shining eye
  1024 | D        | Noticed a shining eye
  1025 | D        | Gained mutation: You have hidden genetic defects. [a
                  | shining eye]
  1026 | D        | Reached ****** piety under Dithmenos
  1026 | D        | Paralysed by a floating eye for 4 turns
  1027 | D        | Gained mutation: Your spells are a little easier to cast,
                  | but a little less powerful. [a shining eye]
  1033 | D        | Paralysed by a floating eye for 4 turns
  1036 | D        | Gained mutation: You are weak. (Str -2) [a shining eye]
  1037 | D        | Gained mutation: You occasionally shout uncontrollably at
                  | your foes. [a shining eye]
  1042 | D        | Paralysed by a floating eye for 3 turns
  1054 | D        | Gained mutation: You occasionally lose the ability to read
                  | scrolls when taking damage. [a shining eye]
  1056 | D        | Gained mutation: You are frail. (-10% HP) [a shining eye]
  1066 | D        | Paralysed by a floating eye for 3 turns
  1073 | D        | Killed a shining eye
  1074 | D        | Reached skill level 15 in Stealth
  1074 | D        | Reached skill level 1 in Ice Magic
  1075 | D        | Paralysed by a floating eye for 2 turns
  1079 | D        | Gained mutation: Your body sometimes deteriorates upon
                  | taking damage. [a shining eye]
  1085 | D        | Lost mutation: You occasionally lose the ability to read
                  | scrolls when taking damage. [a shining eye]
  1085 | D        | Paralysed by a floating eye for 3 turns
  1094 | D        | Killed a shining eye
  1094 | D        | Gained mutation: You sometimes lose your temper in combat.
                  | [a shining eye]
  1096 | D        | Paralysed by a floating eye for 3 turns
  1108 | D        | Paralysed by a floating eye for 4 turns
  1117 | D        | Gained mutation: Your body often deteriorates upon taking
                  | damage. [a shining eye]
  1129 | D        | Gained mutation: You occasionally lose the ability to drink
                  | potions when taking damage. [a shining eye]
  1134 | D        | Gained mutation: You occasionally lose the ability to read
                  | scrolls when taking damage. [a shining eye]
  1141 | D        | Gained mutation: Potions are less effective at restoring
                  | your health. [hidden defects]
  1157 | D        | Gained mutation: You sometimes lose the ability to drink
                  | potions when taking damage. [a shining eye]
  1163 | D        | Killed a shining eye
  1165 | D        | Gained mutation: You are dopey. (Int -2) [a shining eye]
  1172 | D        | Gained mutation: You do not regenerate when monsters are
                  | visible. [a shining eye]
  1183 | D        | Gained mutation: You are very weak. (Str -4) [a shining
                  | eye]
  1185 | D        | Killed a shining eye
  1189 | D        | Gained mutation: Your spells are easier to cast, but less
                  | powerful. [a shining eye]
  1191 | D        | Gained mutation: You are very frail. (-20% HP) [a shining
                  | eye]
  1197 | D        | Gained mutation: Your magical capacity is low. (-10% MP) [a
                  | shining eye]
  1207 | D        | Killed a shining eye
  1208 | D        | Reached skill level 5 in Invocations
  1210 | D        | Killed a shining eye
  1211 | D        | Noticed a shining eye
  1211 | D        | Noticed a shining eye
  1214 | D        | Paralysed by a floating eye for 2 turns
  1219 | D        | Gained mutation: Your spells are much easier to cast, but
                  | much less powerful. [a shining eye]
  1222 | D        | Reached skill level 10 in Fighting
  1230 | D        | Gained mutation: You are extremely frail. (-30% HP) [a
                  | shining eye]
  1234 | D        | Gained mutation: You have terrible hidden genetic defects.
                  | [hidden defects]
  1234 | D        | Lost mutation: You have terrible hidden genetic defects.
                  | [hidden defects expressed]
  1280 | D        | Killed a shining eye
  1281 | D        | Reached XP level 11. HP: 44/44 MP: 25/29
  1283 | D        | Gained mutation: You have terrible hidden genetic defects.
                  | [a shining eye]
  1297 | D        | Gained mutation: You have an uncontrollable temper. [a
                  | shining eye]
  1302 | D        | Gained mutation: You frequently scream uncontrollably at
                  | your foes. [a shining eye]
  1308 | D        | Killed a shining eye
  1327 | D        | Found Qobor's General Store.
  1327 | D        | Found Ytrud's Weapon Emporium.
  1328 | D        | Found Vouret's Distillery.
  1328 | D        | Found Ycy Etooch's Magic Scroll Boutique.
  1331 | D        | Bought a potion of mutation for 96 gold pieces
  1342 | D        | Lost mutation: You have terrible hidden genetic defects.
                  | [potion of mutation]
  1342 | D        | Lost mutation: You occasionally lose the ability to read
                  | scrolls when taking damage. [potion of mutation]
  1342 | D        | Lost mutation: Your magical capacity is low. (-10% MP)
                  | [potion of mutation]
  1342 | D        | Lost mutation: You frequently scream uncontrollably at your
                  | foes. [potion of mutation]
  1342 | D        | Gained mutation: Your movements are slightly less
                  | encumbered by armour. (ER -2) [potion of mutation]
  1467 | D        | Found a burning altar of Makhleb.
  1467 | D        | Found a viscous altar of Jiyva.
  1467 | D        | Found a shimmering altar of Xom.
  1467 | D        | Found a corrupted altar of Lugonu.
  1520 | D        | Slain by a demonic crawler

Illustrated notes

Levels and vault maps discovered:
D:        dungeon_sprint_1 [red_sonja_temple_1, red_sonja_temple_small_1]

Skill      XL: |  1  2  3  4  5  6  7  8  9 10 11 |
---------------+----------------------------------+-----
Fighting       | 1 2 3 5 6 7 10 | 10.5
Short Blades   | 2 3 4 6 7 8 10 | 10.0
Dodging        | 3 5 6 9 10 12 13 14 | 14.2
Stealth        | 5 6 8 10 11 12 14 16 | 16.7
Spellcasting   | 4 6 8 11 12 13 15 16 | 16.5
Hexes          | 5 6 8 10 | 10.0
Invocations    | 1 5 6 |  6.1
Ice Magic      | 3 4 |  4.0

Action                   |  1- 3 |  4- 6 |  7- 9 | 10-12 || total
-------------------------+-------+-------+-------+-------++-------
Melee: Dagger            |     7 |     4 |    42 |   227 ||   280
       Punch             |       |       |     1 |     5 ||     6
 Cast: Ensorcelled Hiber |       |       |    17 |       ||    17
       Confusing Touch   |       |       |     5 |    14 ||    19
  Use: Potion            |     1 |       |     2 |     2 ||     5
       Scroll            |       |     1 |     1 |       ||     2
 Stab: Sleeping          |     2 |     4 |    15 |    10 ||    31
       Invisible         |     2 |       |       |       ||     2
       Confused          |       |       |     4 |     9 ||    13
Armor: Robe              |       |       |     2 |       ||     2
       Fire dragon scale |       |       |       |     1 ||     1
Dodge: Dodged            |     2 |       |    39 |     5 ||    46
